AoeStats
← mauriken1202

Arabia

506575763Analyzed
1v1 RM · 19d ago on Sep 14, 2026· 27m 54s· 2 players
Game mode
Random Map
Map size
Tiny (2 player)
Population
200
Speed
Normal
Resources
Standard
Victory
Conquest
Starting age
Dark Age
Ending age
Imperial Age
RankedLock teamsTeams togetherTeam positionsShared explorationLock speedFull tech treeHidden civsTurbo modeCheats
Victory
Defeat
🇲🇽 Aztecs · Mexico
1650
+13
🇭🇰 Italians · Hong Kong SAR China
1581
-13
phlui1122
5:33 Loom
8:36 Feudal Age
10:05 Double-Bit Axe
14:47 Fletching
21:58 Castle Age
20:26 Padded Archer Armor
21:50 Gold Mining
22:46 Crossbowman
23:22 Bodkin Arrow
26:26 Ballistics
26:27 Leather Archer Armor
mauriken1202
3:20 Loom
7:06 Loom
9:09 Feudal Age
9:25 Man-at-Arms
9:55 Double-Bit Axe
11:25 Horse Collar
17:21 Gold Mining
20:13 Castle Age
18:35 Fletching
19:17 Padded Archer Armor
19:19 Scale Mail Armor
19:29 Forging
20:56 Squires
20:52 Eagle Warrior
21:18 Gambesons
22:00 Arson
24:18 Chain Mail Armor
26:58 Bow Saw
27:28 Sanctity
28:03 Heavy Plow
28:03 Town Watch
28:57 Wheelbarrow
Connection lost

Rejoining the realm…

Still unreachable

The connection could not be restored.

Session expired

The server has moved on; the page needs a fresh start.